 Dungeon Crawl Stone Soup version 0.31.0-11-ge490571c62 (webtiles) character file.

Game seed: 8549861805391900130

9303 NamelessAdventurer the Ducker (level 11, -5/85 HPs)
             Began as a Black Draconian Artificer on Feb 1, 2024.
             Was a Priest of Qazlal.
             Slain by a white ugly thing (31 damage)
             ... on level 11 of the Dungeon.
             The game lasted 00:44:52 (10224 turns).

NamelessAdventurer the Ducker (DrAr)               Turns: 10224, Time: 00:44:53

Health: -5/85      AC: 13    Str: 22    XL:     11   Next: 21%
Magic:  8/17       EV: 17    Int: 15    God:    Qazlal [***...]
Gold:   242        SH:  4    Dex:  9    Spells: 3/18 levels left

rFire   . . .        i - +4 falchion (freeze)
rCold   . . .        (no shield)
rNeg    . . .        (body armour unavailable)
rPois   .            (helmet restricted)
rElec   +            g - +1 cloak of Starlight {*Dazzle EV+4 Stlth--}
rCorr   .            (no gloves)
SInv    .            (no boots)
Will    .....        (no amulet) Stlth
                     l - +6 ring of strength
HPRegen 0.34/turn    h - +4 ring of protection
MPRegen 0.15/turn

%: random rage (3%)
@: short of breath
A: breathe lightning, AC +7, unfitting armour, electricity resistance,
cold-blooded, berserk 1, clumsy 1, MP-powered wands, devolution 1
a: Breathe Lightning, Renounce Religion, Upheaval, Elemental Force


You were on level 11 of the Dungeon.
You worshipped Qazlal.
Qazlal was most pleased with you.
You visited 2 branches of the dungeon, and saw 12 of its levels.

You collected 578 gold pieces.
You spent 336 gold pieces at shops.

Inventory:

Hand Weapons
 a - a +0 club
 f - a +1 short sword of flaming
 i - a +4 falchion of freezing (weapon)
Missiles
 s - 5 boomerangs
Armour
 g - the +1 cloak of Starlight (worn) {*Dazzle EV+4 Stlth--}
   (You acquired it on level 2 of the Dungeon)

   *Dazzle:   It may blind those who miss an attack against the wearer in melee
   combat.
   EV+4:      It affects your evasion (+4).
   Stlth--:   It makes you much less stealthy.
Jewellery
 h - a +4 ring of protection (right hand)
 l - a +6 ring of strength (left hand)
 m - a +6 ring of dexterity
 n - a ring of ice
 p - a ring of flight
 w - a ring of willpower
Wands
 b - a wand of flame (9)
 c - a wand of charming (5)
 d - a wand of mindburst (48)
 j - a wand of polymorph (1)
 u - a wand of digging (6)
 F - a wand of quicksilver (2)
Scrolls
 o - a scroll of silence
 D - a scroll of enchant armour
Potions
 e - 4 potions of lignification
 k - a potion of haste
 q - 2 potions of cancellation
 t - a potion of brilliance {unknown}
 v - 3 potions of curing
 x - 2 potions of attraction {unknown}
 z - a potion of invisibility
 A - a potion of heal wounds
 B - a potion of enlightenment


   Skills:
 * Level 4.9 Fighting
 * Level 6.1(6.9) Short Blades
 * Level 4.6(6.1) Long Blades
 * Level 3.6 Throwing
 * Level 6.8 Dodging
 * Level 4.5 Stealth
 + Level 0.7 Shields
 * Level 4.0 Spellcasting
 * Level 0.5 Conjurations
 * Level 0.2 Hexes
 * Level 4.2 Summonings
 * Level 4.1 Translocations
 * Level 3.1 Fire Magic
 * Level 3.2 Alchemy
 * Level 3.9 Invocations
 * Level 6.6 Evocations


You had 3 spell levels left.
You knew the following spells:

 Your Spells              Type           Power      Damage    Failure   Level
a - Call Imp              Summ           30%        N/A       4%          2
b - Blink                 Tloc           30%        N/A       4%          2
c - Ignite Poison         Fire/Alch      12%        N/A       43%         4
d - Call Canine Familiar  Summ           15%        N/A       10%         3
e - Sigil of Binding      Hex            3%         N/A       43%         3
f - Sting                 Conj/Alch      32%        1d5       9%          1

Your spell library contained the following spells:

 Spells                   Type           Power      Damage    Failure   Level
 Apportation              Tloc           30%        N/A       3%          1
 Summon Small Mammal      Summ           60%        N/A       3%          1
 Lesser Beckoning         Tloc           30%        N/A       4%          2
 Gell's Gravitas          Tloc           15%        N/A       10%         3
 Teleport Other           Tloc           15%        N/A       10%         3
 Magic Dart               Conj           16%        1d3       14%         1
 Slow                     Hex            12%        N/A       16%         1
 Cigotuvi's Dreadful Rot  Necr/Alch/Air  12%        N/A       17%         2
 Necrotise                Necr           12%        1d4       19%         1
 Sublimation of Blood     Necr           3%         N/A       26%         2
 Confusing Touch          Hex            3%         N/A       43%         3
 Vampiric Draining        Necr           3%         2d6       47%         3
 Summon Blazeheart Golem  Fire/Summ      14%        N/A       36%         4
 Martyr's Knell           Necr/Summ      9%         N/A       58%         4
 Petrify                  Alch/Erth      7%         N/A       67%         4
 Dispel Undead            Necr           3%         3d7       87%         4
 Irradiate                Conj/Alch      4%         3d13      93%         5
 Freezing Cloud           Conj/Ice/Air   1%         6-21      99%         5
 Death Channel            Necr           1%         N/A       100%        6


Dungeon Overview and Level Annotations

Branches:
Dungeon (11/15)            Temple (1/1) D:5            Lair (0/5) D:11
    Orc: D:9-12

Altars:
Ashenzari
Cheibriados
Dithmenos
Elyvilon
Fedhas
Gozag
Hepliaklqana
Kikubaaqudgha
Makhleb
Nemelex Xobeh
Okawaru
Qazlal
Ru
Sif Muna
Trog
Uskayaw
Vehumet
Wu Jian
Xom
Yredelemnul
Zin
The Shining One

Shops:
D:1 [   D:4 [   D:9 !

Annotations:
D:6 yey's ghost, novice GrFi


Innate Abilities, Weirdness & Mutations

You can breathe wild blasts of lightning.
Your glossy black scales are hard. (AC +7)
You cannot fit into any form of body armour.
You are resistant to electric shocks. (rElec)
You are cold-blooded and may be slowed by cold attacks.
You sometimes lose your temper in combat.
You are clumsy. (Dex -2)
You expend magic power (3 MP) to strengthen your wands.
You have hidden genetic defects.


Message History

Something hits you but does no damage. Something barely misses you.
The shadow slips into darkness.
The shadow flickers and vanishes!
Something hits you but does no damage.
You can't do that yet.
Something hits you but does no damage. x2
You block the white ugly thing's attack.
Unknown command.
Something hits you! Something hits you.
The boulder beetle curls into a ball and begins rolling!
Aiming: Quicksilver Bolt
Press: ? - help, Shift-Dir - straight line, f - boulder beetle
Aim: a boulder beetle (rolling, 100% to hit)
You feel a surge of power!
The bolt of dispelling energy hits the white ugly thing!!
The white ugly thing is moderately wounded.
The bolt of dispelling energy hits the boulder beetle!!
The boulder beetle is moderately wounded.
Something barely misses you.
The white ugly thing completely misses you.
Unknown command.
Press: ? - help, v - describe, . - travel
Here: a white ugly thing (moderately wounded)
The floor, spattered with blood.
Aiming: Charm
Press: ? - help, Shift-Dir - straight line, f/p - boulder beetle
Aim: a boulder beetle (moderately wounded, rolling, chance to affect: 54%)
You feel a surge of power!
The white ugly thing resists with significant effort.
Something closely misses you. The white ugly thing claws you.
The white ugly thing freezes you!!
Aiming: Charm
Press: ? - help, Shift-Dir - straight line, f/p - boulder beetle
Aim: a boulder beetle (moderately wounded, rolling, chance to affect: 54%)
You feel a surge of power!
The white ugly thing resists with significant effort.
The shadow strikes at you from the darkness!
Reactivating autopickup.
The white ugly thing claws you. The white ugly thing freezes you!!
You die...

# #.##.#.....# #
###.##.#.....##
####.. #. #
#......#......
....# #..
###.#.##%#.#.#.#
#...# .$).
....#.##.....#.#
#...# #$.(#
#####..........#
#..$##..!..
##########.#
#...#...#
#.#####......#
#..@uB○°°...#
####W######......
#.# .#$## ..# ..
#.## .# #. # ..
..


You could see a boulder beetle (rolling), a white ugly thing and a shadow.

Vanquished Creatures
  3 two-headed ogres
  A boulder beetle (D:9)
  A kobold demonologist (D:10)
  Grinder (D:3)
  Prince Ribbit (D:7)
  A hornet (D:10)
  3 yaks (D:9)
  2 wyverns
  A wraith (D:11)
  A shadow (D:11)
  3 vampire mosquitoes (D:10)
  2 steam dragons
  The ghost of mitya21 the Changeling, an amateur OpSh (D:3)
  2 acid dragons
  Duvessa (D:4)
  2 orc warriors
  A sky beast (D:6)
  A black bear (D:6)
  An ice beast (D:7)
  A centaur (D:7)
  A phantom (D:6)
  A wolf (D:8)
  3 bullfrogs
  2 scorpions (D:5)
  4 wights
  14 killer bees
  6 howler monkeys
  3 hounds
  A bombardier beetle (D:5)
  2 gnoll boudas (D:9)
  5 jellies
  Crazy Yiuf (D:3)
  6 orc priests
  2 iguanas
  6 orc wizards
  2 gnolls (D:9)
  4 adders
  A white imp (D:7)
  2 ufetubi (D:6)
  2 dart slugs
  A ribbon worm (D:2)
  17 orcs
  10 ball pythons
  3 bats
  3 endoplasms
  A giant cockroach (D:4)
  6 goblins
  8 hobgoblins
  3 quokkas
  5 frilled lizards
  11 kobolds
  2 rats
168 creatures vanquished.

Vanquished Creatures (collateral kills)
  A two-headed ogre (D:9)
  An orc warrior (D:10)
  A sky beast (D:8)
  A black bear (D:8)
  A kobold brigand (D:9)
  A scorpion (D:4)
  2 howler monkeys (D:8)
  An iguana (D:4)
  A gnoll (D:9)
  2 adders (D:4)
  5 orcs
  A hobgoblin (D:4)
18 creatures vanquished.

Vanquished Creatures (others)
  A steam dragon (D:8)
  A wight (D:6)
2 creatures vanquished.

Grand Total: 188 creatures vanquished

Notes
Turn   | Place    | Note
-------+----------+-------------------------------------------
     0 | D:1      | NamelessAdventurer the Draconian Artificer began the quest
                  | for the Orb.
     0 | D:1      | Reached XP level 1. HP: 16/16 MP: 1/1
   229 | D:1      | Reached skill level 1 in Stealth
   251 | D:1      | Reached XP level 2. HP: 23/23 MP: 2/2
   376 | D:2      | Identified a scroll of acquirement
   376 | D:2      | Acquired the +1 cloak of Starlight {*Dazzle EV+4 Stlth--}
   376 | D:2      | Found the +1 cloak of Starlight {*Dazzle EV+4 Stlth--}
   810 | D:2      | Reached XP level 3. HP: 28/28 MP: 3/3
   813 | D:2      | Learned a level 2 spell: Call Imp
   842 | D:3      | Noticed Grinder
   844 | D:3      | Paralysed by Grinder for 3 turns
   863 | D:3      | Killed Grinder
   864 | D:3      | Reached skill level 1 in Spellcasting
   864 | D:3      | Reached skill level 1 in Summonings
   864 | D:3      | Reached XP level 4. HP: 28/36 MP: 3/5
   864 | D:3      | Reached XP level 5. HP: 32/41 MP: 3/6
   882 | D:4      | Noticed Duvessa
   882 | D:4      | Noticed Dowan
   922 | D:4      | Reached XP level 6. HP: 28/48 MP: 7/7
   966 | D:4      | Learned a level 2 spell: Blink
  1277 | D:4      | Killed Duvessa
  1299 | D:4      | Dowan changed into Dowan the iguana
  1299 | D:4      | Noticed Dowan
  1308 | D:4      | Killed Dowan the iguana
  1468 | D:4      | Found Syll's Armour Shop.
  1506 | D:4      | Your scales start taking on a glossy black colour.
  1506 | D:4      | Reached XP level 7. HP: 56/56 MP: 9/9
  1506 | D:4      | Gained mutation: You are resistant to electric shocks.
                  | (rElec) [Black Draconian growth]
  1779 | D:5      | Entered Level 5 of the Dungeon
  1841 | D:5      | Reached skill level 1 in Translocations
  1928 | D:5      | Found a staircase to the Ecumenical Temple.
  1947 | Temple   | Entered the Ecumenical Temple
  2147 | Temple   | Became a worshipper of Qazlal Stormbringer
  3304 | D:3      | Noticed mitya21's ghost (amateur OpSh)
  3310 | D:3      | Found a transporter.
  3334 | D:3      | Found a transporter.
  3670 | D:3      | Found a runed translucent door.
  3671 | D:3      | Noticed Crazy Yiuf
  3675 | D:3      | Killed Crazy Yiuf
  3976 | D:1      | Found Enokieku's Armour Boutique.
  4449 | D:3      | Killed mitya21's ghost
  4450 | D:3      | Reached XP level 8. HP: 59/62 MP: 9/11
  4789 | D:6      | Reached * piety under Qazlal
  5047 | D:6      | Reached skill level 5 in Dodging
  5047 | D:6      | Reached skill level 1 in Invocations
  5061 | D:6      | Reached skill level 5 in Evocations
  5128 | D:6      | Found an ornate altar of the Wu Jian Council.
  5195 | D:6      | Learned a level 4 spell: Ignite Poison
  5347 | D:6      | Learned a level 3 spell: Call Canine Familiar
  5415 | D:6      | Found a runed translucent gate.
  5417 | D:6      | Found a runed translucent gate.
  5418 | D:6      | Found a runed translucent gate.
  5418 | D:6      | Noticed yey's ghost (novice GrFi)
  5869 | D:7      | Noticed Prince Ribbit
  5897 | D:7      | Killed Prince Ribbit
  5898 | D:7      | Reached skill level 5 in Short Blades
  5943 | D:7      | Reached XP level 9. HP: 70/70 MP: 13/13
  5977 | D:7      | Reached skill level 1 in Throwing
  5992 | D:7      | Reached skill level 1 in Fire Magic
  6330 | D:7      | Reached skill level 1 in Alchemy
  6804 | D:8      | Reached skill level 1 in Long Blades
  6958 | D:8      | Found a snail-covered altar of Cheibriados.
  7197 | D:8      | Learned a level 3 spell: Sigil of Binding
  7204 | D:8      | Reached ** piety under Qazlal
  7772 | D:9      | Reached XP level 10. HP: 50/80 MP: 15/15
  8182 | D:9      | Noticed a two-headed ogre
  8188 | D:9      | Killed a two-headed ogre
  8444 | D:9      | Found Vumeegoner's Distillery.
  8447 | D:9      | Bought a potion of curing for 36 gold pieces
  8447 | D:9      | Bought a potion of invisibility for 96 gold pieces
  8447 | D:9      | Bought a potion of heal wounds for 60 gold pieces
  8447 | D:9      | Bought a potion of enlightenment for 60 gold pieces
  8447 | D:9      | Bought a potion of curing for 36 gold pieces
  8447 | D:9      | Bought a potion of might for 48 gold pieces
  8577 | D:9      | Noticed a boulder beetle
  8600 | D:9      | Noticed a two-headed ogre
  8619 | D:9      | Killed a two-headed ogre
  8649 | D:9      | Killed a boulder beetle
  8822 | D:9      | Gained mutation: You are dopey. (Int -2) [potion of
                  | mutation]
  8822 | D:9      | Gained mutation: You have large cloven feet. [potion of
                  | mutation]
  8823 | D:9      | Lost mutation: You are dopey. (Int -2) [potion of mutation]
  8823 | D:9      | Lost mutation: You have large cloven feet. [potion of
                  | mutation]
  8823 | D:9      | Gained mutation: You are weak. (Str -2) [potion of
                  | mutation]
  8823 | D:9      | Gained mutation: Your flesh is cold resistant. (rC+)
                  | [potion of mutation]
  8823 | D:9      | Gained mutation: You have hidden genetic defects. [potion
                  | of mutation]
  8823 | D:9      | Gained mutation: You are robust. (+10% HP) [potion of
                  | mutation]
  8824 | D:9      | Lost mutation: You are robust. (+10% HP) [potion of
                  | mutation]
  8824 | D:9      | Lost mutation: You are weak. (Str -2) [potion of mutation]
  8824 | D:9      | Lost mutation: Your flesh is cold resistant. (rC+) [potion
                  | of mutation]
  8824 | D:9      | Gained mutation: You expend magic power (3 MP) to
                  | strengthen your wands. [potion of mutation]
  8824 | D:9      | Gained mutation: You sometimes lose your temper in combat.
                  | [potion of mutation]
  9359 | D:10     | Entered Level 10 of the Dungeon
  9367 | D:10     | Noticed a two-headed ogre
  9403 | D:10     | Reached *** piety under Qazlal
  9601 | D:10     | Killed a two-headed ogre
  9602 | D:10     | Reached XP level 11. HP: 63/85 MP: 16/16
  9621 | D:10     | Gained mutation: You are clumsy. (Dex -2) [hidden defects]
  9743 | D:10     | Learned a level 1 spell: Sting
  9903 | D:10     | Noticed a two-headed ogre
  9919 | D:10     | Killed a two-headed ogre
 10152 | D:11     | Found a staircase to the Lair.
 10210 | D:11     | Noticed a boulder beetle
 10212 | D:11     | Noticed a white ugly thing
 10224 | D:11     | Slain by a white ugly thing

Illustrated notes

Levels and vault maps discovered:
D:1:      spicycebolla_green_bress_n_ham_2, layout_basic, serial_shops,
          nicolae_shop_peninsula, feat_on_display
D:2:      layout_rooms, hangedman_abyss_or_decor_stabs
D:3:      layout_loops_ring, gammafunk_ghost_arena, uniq_crazy_yiuf_cottage,
          uniq_grinder
D:4:      layout_basic, serial_shops, shop, serial_park_tiny_pond,
          nicolae_letterblocks [nicolae_letter_subblock,
          nicolae_letter_subblock, nicolae_letter_subblock,
          nicolae_letter_subblock, nicolae_letter_subblock,
          nicolae_letter_subblock, nicolae_letter_subblock,
          nicolae_letter_subblock, nicolae_letter_subblock,
          nicolae_letter_subblock, nicolae_letter_subblock,
          nicolae_letter_subblock, nicolae_letter_subblock,
          nicolae_letter_subblock, nicolae_letter_subblock,
          nicolae_letter_subblock, nicolae_letter_subblock,
          nicolae_letter_subblock, nicolae_letter_subblock,
          nicolae_letter_subblock, nicolae_letter_subblock,
          nicolae_letter_subblock, nicolae_letter_subblock,
          nicolae_letter_subblock, nicolae_letter_subblock], uniq_duvessa
D:5:      layout_basic, minmay_temple_entry_antechambers
D:6:      layout_loops_cross, nzn_wu_jian_council_hall,
          ebering_ghost_rock_garden
D:7:      layout_basic, uniq_prince_ribbit1
D:8:      minmay_skewed_foursquare, layout_rooms, mainiacjoe_overflow_paths
D:9:      layout_stronghold, serial_shops, nicolae_shop_real_fake_doors,
          kennysheep_generic_room_8
D:10:     layout_big_octagon
D:11:     layout_loops_cross, lair_entry_dummy,
          portal_ice_cave_entry_ice_simulacra, chequers_serial_rivers_marsh,
          minmay_circle_x, uniq_erolcha, uniq_grum
Temple:   mainiacjoe_temple_big_plus

Skill      XL: |  1  2  3  4  5  6  7  8  9 10 11 |
---------------+----------------------------------+-----
Stealth        | 1 2 3 4 |  4.5
Fighting       | 2 3 4 |  4.9
Short Blades   | 2 3 5 6 |  6.1
Dodging        | 3 4 5 6 |  6.8
Spellcasting   | 1 2 3 4 |  4.0
Summonings     | 1 2 3 4 |  4.2
Evocations     | 4 5 6 |  6.6
Translocations | 1 2 3 4 |  4.1
Invocations    | 1 2 3 |  3.9
Throwing       | 1 3 |  3.6
Fire Magic     | 2 3 |  3.1
Alchemy        | 2 3 |  3.2
Long Blades    | 2 4 |  4.6
Shields        | |  0.7
Conjurations   | |  0.5
Hexes          | |  0.2

Action                     |  1- 3 |  4- 6 |  7- 9 | 10-12 || total
---------------------------+-------+-------+-------+-------++-------
  Melee: Club              |    20 |       |       |       ||    20
         Short sword       |    92 |    70 |   219 |       ||   381
         Tailslap          |    16 |    12 |    31 |    17 ||    76
         Punch             |     2 |     3 |     6 |     2 ||    13
         Falchion          |       |       |    64 |   127 ||   191
  Throw: Boomerang         |       |       |    28 |    11 ||    39
         Throwing net      |       |       |       |     1 ||     1
   Cast: Call Imp          |       |       |     8 |     6 ||    14
         Blink             |       |       |     1 |       ||     1
         Call Canine Famil |       |       |       |     7 ||     7
 Invoke: Upheaval          |       |       |       |     1 ||     1
Ability: Breathe Lightning |       |       |    41 |    23 ||    64
  Evoke: Wand              |     7 |    18 |    25 |    14 ||    64
    Use: Scroll            |     4 |     2 |    11 |     4 ||    21
         Potion            |       |     4 |     8 |     7 ||    19
   Stab: Invisible         |     3 |     1 |     4 |     4 ||    12
         Distracted        |       |       |       |     2 ||     2
 Armour: Skin              |    38 |    38 |   202 |   115 ||   393
  Dodge: Dodged            |    94 |    30 |   240 |   199 ||   563
  Block: Other             |       |       |    17 |    25 ||    42
